 Dungeon Crawl Stone Soup version 0.21.1-1-g345015f (webtiles) character file.

373 tyranidshit the Skirmisher (level 6, -6/49 HPs)
             Began as a Demonspawn Abyssal Knight on July 25, 2018.
             Was a Priest of Lugonu.
             Mangled by a worm (15 damage)
             ... on level 4 of the Dungeon.
             The game lasted 00:09:38 (2713 turns).

tyranidshit the Skirmisher (DsAK)                   Turns: 2713, Time: 00:09:38

Health: -6/49      AC:  6    Str: 14    XL:     6   Next: 43%
Magic:  0/7        EV: 10    Int: 13    God:    Lugonu [***...]
Gold:   103        SH:  0    Dex: 13    Spells: 5/5 levels left

rFire    . . .     SeeInvis .   g - +0 war axe
rCold    . . .     Gourm    .   (no shield)
rNeg     . . .     Faith    .   e - +1 ring mail
rPois    .         Spirit   +   (helmet restricted)
rElec    .         Reflect  .   d - scarf {Spirit}
rCorr    .         Harm     .   (no gloves)
MR       .....                  (no boots)
Stlth    +.........             j - amulet of rage
HPRegen  0.56/turn              (no ring)
MPRegen  0.10/turn              (no ring)

@: no status effects
A: claws 2, horns 1, frail 1, regeneration 1, magic shield, rot immunity
a: Depart the Abyss, Bend Space, Banish, Renounce Religion, Evoke Berserk Rage


You were on level 4 of the Dungeon.
You worshipped Lugonu.
Lugonu was most pleased with you.
You were not hungry.

You visited 1 branch of the dungeon, and saw 4 of its levels.
You visited the Abyss 1 time.

You collected 103 gold pieces.

Inventory:

Hand Weapons
 a - a +1 hand axe
 g - a +0 war axe (weapon)
 m - a +1 dagger of flaming
Armour
 b - a +0 leather armour
 d - a scarf of spirit shield (worn)
 e - a +1 ring mail (worn)
Magical Staves
 f - an uncursed staff of death
 i - an uncursed staff of air {unknown}
Jewellery
 j - an amulet of rage (around neck)
Wands
 h - a wand of random effects (35)
Scrolls
 k - 2 scrolls of enchant armour
 l - a scroll of magic mapping {unknown}
Comestibles
 c - 5 rations


   Skills:
 + Level 7.3 Fighting
 - Level 1.7 Axes
 - Level 1.7 Armour
 - Level 0.8 Dodging
 - Level 2.4 Invocations


You had 5 spell levels left.
You didn't know any spells.

Dungeon Overview and Level Annotations

Branches:
Dungeon (4/15)
 Temple: D:4-7

Altars:
Elyvilon
Okawaru
Trog
Wu Jian
The Shining One

Annotations:
D:4 aaksess's ghost, amateur DsSk


Innate Abilities, Weirdness & Mutations

You have very sharp fingernails.
When hurt, damage is shared between your health and your magic reserves.
You are immune to rotting.
You have a pair of small horns on your head.
You are frail. (-10% HP)
Your natural rate of healing is unusually fast.


Message History

The worm is heavily wounded.
You slash the rat!
You kill the rat!
Lugonu accepts your kill. The worm bites you! The worm closely misses you.
Unknown command.
You barely miss the worm.
The worm is heavily wounded.
The worm bites you!
You hit the worm.
The worm is heavily wounded.
The worm bites you!
* * * LOW HITPOINT WARNING * * *
You hit the worm.
The worm is heavily wounded.
The worm bites you.
* * * LOW HITPOINT WARNING * * *
Unknown command.
The worm bites you!
You die...

...............########## #...#
...÷....######..........####...#
.............(......###...##...#
........###...(.#########..$...#
.######## #<...##....#######...#
..#########...##.......##......#
.....#........#..†.w..))####...#
.###.#.......##...†#...)# #...#
...#...###...##.@w###.... #####
.#.....# #.#......#y#._..
..<....###.####...###..).
..##.........##....#....#
#....##.......#.........#
#.#...........##.......## ####
...............##....### #....
#.#.#.........#.#############....
#................##....).........


You could see a moth of wrath and 2 worms.

Vanquished Creatures
  A scorpion (D:4)
  A crimson imp (D:3)
  2 orc priests (D:4)
  A bullfrog skeleton (D:4)
  An orc wizard (D:3)
  Jessica (D:3)
  Robin (D:3)
  3 adders
  An ooze (D:1)
  2 worms
  A dart slug (D:1)
  2 leopard geckos
  9 orcs
  8 bats
  6 giant cockroaches
  10 goblins
  7 hobgoblins
  6 jackals
  4 kobolds
  2 quokkas (D:2)
  5 frilled lizards
  11 rats
85 creatures vanquished.

Notes
Turn   | Place    | Note
-------+----------+-------------------------------------------
     0 | Abyss:1  | tyranidshit the Demonspawn Abyssal Knight began the quest for the Orb.
     0 | Abyss:1  | Reached XP level 1. HP: 18/18 MP: 2/2
    63 | Abyss:1  | Noticed a hellephant
   106 | Abyss:1  | Noticed a small abomination
   114 | Abyss:1  | Noticed a small abomination
   142 | Abyss:1  | Noticed a flying skull
   152 | D:1      | Escaped the Abyss
   228 | D:1      | Reached * piety under Lugonu
   229 | D:1      | Gained mutation: You are immune to rotting. [demonic ancestry]
   229 | D:1      | Reached XP level 2. HP: 9/24 MP: 0/3
   310 | D:1      | Gained mutation: You occasionally shout uncontrollably at your foes. [potion of mutation]
   310 | D:1      | Gained mutation: You have a pair of small horns on your head. [potion of mutation]
   319 | D:1      | Reached skill level 4 in Fighting
   616 | D:2      | Reached XP level 3. HP: 21/30 MP: 2/4
   643 | D:2      | Found an iron altar of Okawaru.
   707 | D:2      | Found a white marble altar of Elyvilon.
   791 | D:2      | Reached ** piety under Lugonu
   858 | D:2      | Found an ornate altar of the Wu Jian Council.
   858 | D:2      | Found a glowing golden altar of the Shining One.
  1405 | D:3      | HP: 1/31 [goblin/stone (6)]
  1410 | D:3      | HP: 1/31 [goblin/uncursed dagger (1)]
  1501 | D:3      | Noticed Robin
  1505 | D:3      | Gained mutation: You have sharp fingernails. [demonic ancestry]
  1505 | D:3      | Reached XP level 4. HP: 35/38 MP: 3/5
  1507 | D:3      | Killed Robin
  1507 | D:3      | Reached skill level 5 in Fighting
  1666 | D:3      | Lost mutation: You occasionally shout uncontrollably at your foes. [potion of mutation]
  1666 | D:3      | Lost mutation: You have a pair of small horns on your head. [potion of mutation]
  1666 | D:3      | Gained mutation: You have a pair of small horns on your head. [potion of mutation]
  1666 | D:3      | Gained mutation: You are frail. (-10% HP) [potion of mutation]
  1666 | D:3      | Gained mutation: Your natural rate of healing is unusually fast. [potion of mutation]
  1804 | D:3      | Gained mutation: When hurt, damage is shared between your health and your magic reserves. [demonic ancestry]
  1804 | D:3      | Reached XP level 5. HP: 37/41 MP: 4/6
  1851 | D:3      | Noticed Jessica
  1856 | D:3      | Killed Jessica
  1856 | D:3      | Reached skill level 6 in Fighting
  2224 | D:4      | Gained mutation: You have very sharp fingernails. [demonic ancestry]
  2224 | D:4      | Reached XP level 6. HP: 39/47 MP: 5/7
  2239 | D:4      | Noticed aaksess's ghost (amateur DsSk)
  2493 | D:4      | Reached skill level 7 in Fighting
  2558 | D:4      | Reached *** piety under Lugonu
  2694 | D:4      | Noticed a moth of wrath
  2697 | D:4      | Found a bloodstained altar of Trog.
  2713 | D:4      | Mangled by a worm

Skill      XL: |  1  2  3  4  5  6 |
---------------+-------------------+-----
Fighting       | 4 5 6 7 |  7.3
Axes           | |  1.7
Armour         | |  1.7
Dodging        | |  0.8
Invocations    | |  2.4

Action                   |  1- 3 |  4- 6 || total
-------------------------+-------+-------++-------
Melee: Hand axe          |    58 |       ||    58
       Headbutt          |    12 |    18 ||    30
       War axe           |    69 |   146 ||   215
Invok: Depart the Abyss  |     1 |       ||     1
  Use: Potion            |     6 |     4 ||    10
       Scroll            |     3 |     3 ||     6
  Eat: Ration            |     1 |     1 ||     2
       Chunk             |     1 |       ||     1
Armor: Leather armour    |     7 |       ||     7
       Ring mail         |    75 |    62 ||   137
       Skin              |       |     5 ||     5
Dodge: Dodged            |   117 |    94 ||   211
